 Dungeon Crawl Stone Soup version 0.30-a0-583-g19bae12e61 (webtiles) character file.

Game seed: 1661190354846634127

457 Citaku the Cutter (level 7, -5/55 HPs)
             Began as a Human Wanderer on Jan 1, 2023.
             Was a Believer of Wu Jian.
             Slain by a swamp drake (8 damage)
             ... on level 6 of the Dungeon.
             The game lasted 00:23:43 (4639 turns).

Citaku the Cutter (Human Wanderer)                  Turns: 4639, Time: 00:23:43

Health: -5/55      AC: 13    Str: 16    XL:     7   Next: 27%
Magic:  8/8        EV:  4    Int: 11    God:    Wu Jian [**....]
Gold:   419        SH:  0    Dex: 12    Spells: 6/8 levels left

rFire   . . .      SeeInvis .    h - +3 dagger (speed)
rCold   . . .      Faith    .    e - +2 buckler
rNeg    . . .      Spirit   .    n - +0 plate armour
rPois   .          Reflect  .    (no helmet)
rElec   .          Harm     .    (no cloak)
rCorr   .          Rampage  .    k - +0 pair of gloves
Will    .....                    g - +0 pair of boots Stlth
                                 (no amulet)
HPRegen 0.29/turn                (no ring)
MPRegen 0.11/turn                (no ring)

@: confused
A: no striking features
a: Renounce Religion, Wall Jump


You were on level 6 of the Dungeon.
You worshipped Wu Jian.
Wu Jian was pleased with you.
You visited 1 branch of the dungeon, and saw 6 of its levels.

You collected 419 gold pieces.

Inventory:

Hand Weapons
 f - a +0 hand axe of electrocution
 h - a +3 dagger of speed (weapon)
 i - a +1 dagger of venom
Armour
 e - a +2 buckler (worn)
 g - a +0 pair of boots (worn)
 k - a +0 pair of gloves (worn)
 n - a +0 plate armour (worn)
Wands
 l - a wand of polymorph (9)
 p - a wand of light (6)
Scrolls
 a - 3 scrolls of identify (quivered)
 b - 2 scrolls of silence
 c - a scroll of fog
 j - a scroll of poison
 m - a scroll of teleportation
 q - a scroll of amnesia {unknown}


   Skills:
 + Level 4.3 Fighting
 + Level 4.4 Short Blades
 + Level 0.1 Axes
 + Level 2.0 Throwing
 + Level 2.3 Armour
 + Level 0.8 Dodging
 + Level 0.3 Stealth
 + Level 4.2 Shields
 + Level 1.0 Spellcasting
 + Level 1.0 Necromancy


You had 6 spell levels left.
You knew the following spells:

 Your Spells              Type           Power      Damage    Failure   Level
a - Wereblood             Tmut           0%         N/A       100%        2

Your spell library contained the following spells:

 Spells                   Type           Power      Damage    Failure   Level
 Beastly Appendage        Tmut           0%         N/A       100%        1
 Blink                    Tloc           0%         N/A       100%        2
 Cigotuvi's Dreadful Rot  Necr/Pois/Air  2%         N/A       100%        2
 Momentum Strike          Conj/Tloc      0%         3d8       100%        2
 Sublimation of Blood     Necr           2%         N/A       100%        2
 Frozen Ramparts          Ice            0%         1d1       100%        3
 Lesser Beckoning         Tloc           0%         N/A       100%        3
 Spider Form              Tmut/Pois      0%         N/A       100%        3
 Anguish                  Hex/Necr       0%         N/A       100%        4
 Ice Form                 Ice/Tmut       0%         N/A       100%        4
 Petrify                  Tmut/Erth      0%         N/A       100%        4
 Summon Ice Beast         Ice/Summ       0%         N/A       100%        4
 Metabolic Englaciation   Hex/Ice        0%         N/A       100%        5
 Statue Form              Tmut/Erth      0%         N/A       100%        6
 Enfeeble                 Hex            0%         N/A       100%        7


Dungeon Overview and Level Annotations

Branches:
Dungeon (6/15)
 Temple: D:4-7

Altars:
Elyvilon
Kikubaaqudgha
Nemelex Xobeh
Qazlal
Sif Muna
Wu Jian

Shops:
D:2 [


Message History

You are confused.
You feel sick.
You bump into the rock wall.
You are engulfed in noxious fumes.
You choke on the stench!
You are more confused.
You feel sick.
The swamp drake bites you but does no damage.
You bump into the rock wall.
You are engulfed in noxious fumes.
You choke on the stench!
You are more confused.
You feel sick.
You are no longer poisoned.
The swamp drake bites you but does no damage.
You bump into the rock wall.
The swamp drake breathes poison at you.
The noxious blast engulfs you but does no damage.
You are poisoned.
You bump into the rock wall.
You are engulfed in noxious fumes.
You choke on the stench!
You are more confused.
You feel sick.
The swamp drake bites you but does no damage.
You hit the swamp drake.
The swamp drake is almost dead.
You are engulfed in noxious fumes.
You choke on the stench!
You are more confused.
You feel sick.
The swamp drake bites you but does no damage.
You bump into the rock wall.
You are engulfed in noxious fumes.
You choke on the stench!
You are more confused.
You feel sick.
You are no longer poisoned.
The swamp drake barely misses you.
You bump into the rock wall.
The swamp drake bites you.
* * * LOW HITPOINT WARNING * * *
You bump into the rock wall.
The swamp drake bites you but does no damage.
You bump into the rock wall.
The swamp drake bites you!
You die...

..##.##..# ###
.........# ...
..##.##..######.#
.. #<........# ##
#.........#
#.#.....###
#.##...##
..###.##########
#### #@##.......#
#k##.#####.#
#..°...#
####°#.## #....#
#..........
#.........##S
#..###.##### #.#
.##


You could see a swamp drake.

Vanquished Creatures
  2 phantoms
  A scorpion (D:5)
  A howler monkey (D:5)
  An iguana (D:4)
  An orc wizard (D:4)
  7 adders
  A white imp (D:5)
  An ufetubus (D:5)
  4 worms
  A dart slug (D:1)
  4 orcs
  4 ball pythons
  4 endoplasms
  A giant cockroach (D:2)
  8 goblins
  13 hobgoblins
  8 kobolds
  3 quokkas
  4 bats (D:3)
  2 rats
71 creatures vanquished.

Notes
Turn   | Place    | Note
-------+----------+-------------------------------------------
     0 | D:1      | Citaku the Human Wanderer began the quest for the Orb.
     0 | D:1      | Citaku set off with the following items: a +0 club, a
                  | scroll of silence, a scroll of fog, a +0 leather armour, a
                  | +2 buckler; and the following spells available to memorise:
                  | Sublimation of Blood, Cigotuvi's Dreadful Rot.
     0 | D:1      | Reached XP level 1. HP: 18/18 MP: 2/2
   472 | D:1      | Reached XP level 2. HP: 24/24 MP: 3/3
   749 | D:1      | Found a faded altar of an unknown god.
   965 | D:1      | Prayed at the altar of an unknown god.
   965 | D:1      | Became a worshipper of the Wu Jian Council
   965 | D:1      | Reached * piety under Wu Jian
  1012 | D:2      | Found Vudwynki's Armour Shoppe.
  1016 | D:2      | Found a shimmering blue altar of Sif Muna.
  1147 | D:2      | Learned a level 2 spell: Wereblood
  1311 | D:2      | Reached XP level 3. HP: 29/29 MP: 4/4
  1695 | D:3      | Reached XP level 4. HP: 35/36 MP: 5/5
  1700 | D:3      | Reached skill level 1 in Short Blades
  1829 | D:3      | Reached ** piety under Wu Jian
  1966 | D:3      | Found a sparkling altar of Nemelex Xobeh.
  2349 | D:4      | Noticed a phantom
  2394 | D:4      | Killed a phantom
  2395 | D:4      | Reached skill level 1 in Armour
  2395 | D:4      | Reached XP level 5. HP: 29/42 MP: 6/6
  2639 | D:4      | Found a stormy altar of Qazlal.
  3194 | D:4      | Reached XP level 6. HP: 48/48 MP: 7/7
  3881 | D:4      | Found a white marble altar of Elyvilon.
  3962 | D:5      | Entered Level 5 of the Dungeon
  4052 | D:5      | Found an ancient bone altar of Kikubaaqudgha.
  4149 | D:5      | Reached XP level 7. HP: 39/54 MP: 8/8
  4584 | D:6      | Noticed a water moccasin
  4594 | D:6      | a water moccasin changed into a swamp drake
  4637 | D:6      | HP: 2/55 [swamp drake (5)]
  4639 | D:6      | Slain by a swamp drake

Illustrated notes

Levels and vault maps discovered:
D:1:      beargit_arrival_greenhouse, layout_loops_corners,
          hellmonk_ecumenical_altar_crossroads
D:2:      layout_rooms, serial_shops, nicolae_shop_waterfront, basic_altar
D:3:      cheibrodos_greedy_goblins, layout_basic, amcnicky_altar_gilded,
          fedhas_altar_3, minmay_starry_boxes
D:4:      layout_gridville, grunt_qazlal_sundering,
          nicolae_overflow_hidden_temple
D:5:      layout_basic, old_standard_altar
D:6:      layout_loops_corners, old_standard_altar, general_overflow_altar,
          lemuel_doored_altar, minmay_temple_entry_statues_pillars,
          gup_sewer_entry_bowl, uniq_menkaure

Skill      XL: |  1  2  3  4  5  6 |
---------------+-------------------+-----
Short Blades   | 2 3 4 |  4.4
Armour         | 1 2 |  2.3
Shields        | 4 |  4.2
Fighting       | 4 |  4.3
Axes           | |  0.1
Throwing       | |  2.0
Dodging        | |  0.8
Stealth        | |  0.3
Spellcasting   | |  1.0
Necromancy     | |  1.0

Action                   |  1- 3 |  4- 6 |  7- 9 || total
-------------------------+-------+-------+-------++-------
Melee: Hand axe          |    15 |       |       ||    15
       Dagger            |   100 |   281 |    59 ||   440
Invok: Whirlwind         |     8 |    16 |     1 ||    25
       Lunge             |     5 |    13 |     1 ||    19
Evoke: Wand              |       |       |     1 ||     1
  Use: Potion            |     7 |     1 |     2 ||    10
       Scroll            |     3 |     4 |     1 ||     8
Armor: Leather armour    |     4 |       |       ||     4
       Ring mail         |    11 |       |       ||    11
       Plate armour      |    22 |    92 |    19 ||   133
Dodge: Dodged            |    13 |    12 |    10 ||    35
Block: Buckler           |    24 |    49 |     4 ||    77

Table legend: (Time is in decaauts)
 A = Elapsed time spent in this place.
 B = Non-inter-level travel time spent in this place.
 C = Inter-level travel time spent in this place.
 D = Time resting spent in this place.
 E = Time spent auto-exploring this place.
 F = Levels seen in this place.
 G = Mean time per level.
                   A        B        C        D        E       F      G
               +--------+--------+--------+--------+--------+-----+--------+
         Total |   4469 |   4469 |      0 |    526 |    157 |   6 |  744.8 |
       Dungeon |   4469 |   4469 |      0 |    526 |    157 |   6 |  744.8 |
               +--------+--------+--------+--------+--------+-----+--------+

Top non-repeatable levels by time:
     D:4: 1584 daAuts
     D:1: 1013 daAuts
     D:3: 726 daAuts
     D:5: 544 daAuts
     D:2: 519 daAuts
     D:6: 82 daAuts
